 Dungeon Crawl Stone Soup version 0.23-a0-608-g7a20e1320a (webtiles) character file.

476 Jannitor the Chopper (level 7, -11/61 HPs)
             Began as a Hill Orc Chaos Knight on Dec 21, 2018.
             Was a Plaything of Xom.
             Mangled by an ogre
             ... wielding a +0 giant club
              (15 damage)
             ... on level 4 of the Dungeon.
             The game lasted 00:02:38 (2371 turns).

Jannitor the Chopper (Hill Orc Chaos Knight)        Turns: 2371, Time: 00:02:39

Health: -11/61     AC: 11    Str: 17      XL:     7   Next: 10%
Magic:  0/7        EV:  8    Int: 13 (14) God:    Xom [.*....]
Gold:   34         SH:  0    Dex:  9 (10) Spells: 6/6 levels left

rFire    + . .     SeeInvis .   a - +0 hand axe (chaos)
rCold    . . .     Gourm    .   (no shield)
rNeg     . . .     Faith    .   n - +1 chain mail {rF+}
rPois    .         Spirit   +   (no helmet)
rElec    .         Reflect  .   d - +0 cloak
rCorr    .         Harm     .   (no gloves)
MR       .....                  (no boots)
Stlth    ..........             j - amulet of guardian spirit (curse)
HPRegen  0.20/turn              (no ring)
MPRegen  0.10/turn              (no ring)

@: no status effects
A: clever 1, sense surroundings 1
a: Renounce Religion


You were on level 4 of the Dungeon.
You worshipped Xom.
You were a plaything of Xom.
You were hungry.

You visited 1 branch of the dungeon, and saw 4 of its levels.

You collected 34 gold pieces.

Inventory:

Hand Weapons
 a - a +0 hand axe of chaos (weapon)
Armour
 b - a +2 leather armour
 d - a +0 cloak (worn)
 k - a +0 scale mail
 n - a +1 chain mail of fire resistance (worn)
Jewellery
 j - a cursed amulet of guardian spirit (around neck)
Scrolls
 f - a scroll of remove curse {unknown}
 g - 2 scrolls of identify {unknown}
 h - a scroll of fog {unknown}
 i - a scroll of teleportation
 l - a scroll of noise {unknown}
Comestibles
 c - 6 rations


   Skills:
 + Level 5.5 Fighting
 + Level 6.1 Axes
 + Level 4.4 Armour
 + Level 3.0 Dodging


You had 6 spell levels left.
You didn't know any spells.
Your spell library was empty.

Dungeon Overview and Level Annotations

Branches:
Dungeon (4/15)
 Temple: D:4-7

Altars:


Innate Abilities, Weirdness & Mutations

Your mind is acute. (Int +2)
You passively map a small area around you.


Message History

The ogre hits you with a +0 giant club!
* * * LOW HITPOINT WARNING * * *
You barely miss the ogre.
The ogre is severely wounded.
The ogre barely misses you.
You feel better. The ogre barely misses you.
You barely miss the ogre.
The ogre is severely wounded.
The ogre barely misses you.
You barely miss the ogre.
The ogre is severely wounded.
The ogre hits you with a +0 giant club!
* * * LOW HITPOINT WARNING * * *
You barely miss the ogre.
The ogre is severely wounded.
The ogre hits you with a +0 giant club!
* * * LOW HITPOINT WARNING * * *
The ogre hits you with a +0 giant club!
You die...
Xom chuckles heartily!

, , , * .#
#+##+#####.#####
*
#.........#......
,
#.........#......
#.>..............
#..............
#.........O.#* *
#........@..# **
#.........#.# , ,
* #.........# # ,
, #.........#, *
, ,, #####
########### , ,
,#.... , #....
*#.... * , #....
, , #####


You could see an ogre.

Vanquished Creatures
  Sigmund (D:2)
  A centaur (D:3)
  Jessica (D:2)
  Terence (D:2)
  7 gnolls (D:2)
  5 adders
  An ooze (D:2)
  A worm (D:3)
  2 dart slugs
  2 leopard geckos
  3 giant cockroaches (D:1)
  10 goblins
  5 hobgoblins
  9 jackals
  2 quokkas (D:2)
  6 bats
  A frilled lizard (D:1)
  4 kobolds
  3 rats
65 creatures vanquished.

Notes
Turn   | Place    | Note
-------+----------+-------------------------------------------
     0 | D:1      | Jannitor the Hill Orc Chaos Knight began the quest for the
                  | Orb.
     0 | D:1      | Reached XP level 1. HP: 19/19 MP: 1/1
    43 | D:1      | Reached skill level 1 in Dodging
    46 | D:1      | Reached XP level 2. HP: 26/27 MP: 2/2
   657 | D:2      | Reached XP level 3. HP: 33/33 MP: 3/3
   732 | D:2      | Reached XP level 4. HP: 34/40 MP: 4/4
   849 | D:2      | XOM: divination: detect items
  1096 | D:2      | Noticed Jessica
  1097 | D:2      | Noticed Terence
  1104 | D:2      | XOM: noise
  1108 | D:2      | Killed Terence
  1108 | D:2      | Reached skill level 5 in Axes
  1108 | D:2      | Reached XP level 5. HP: 37/47 MP: 3/5
  1116 | D:2      | Killed Jessica
  1117 | D:2      | XOM: swap monsters
  1380 | D:2      | XOM: confuse monster(s)
  1606 | D:2      | XOM: give mutations
  1606 | D:2      | Gained mutation: Your mind is acute. (Int +2) [Xom's
                  | mischief]
  1606 | D:2      | Gained mutation: You passively map a small area around you.
                  | [Xom's mischief]
  1622 | D:2      | Noticed Sigmund
  1622 | D:2      | XOM: potion effect (might)
  1628 | D:2      | Killed Sigmund
  1628 | D:2      | Reached skill level 5 in Fighting
  1628 | D:2      | Reached XP level 6. HP: 47/56 MP: 4/6
  2065 | D:3      | Reached skill level 6 in Axes
  2065 | D:3      | Reached XP level 7. HP: 15/61 MP: 3/7
  2371 | D:4      | Mangled by an ogre

Vault maps used:
D:1:      mrwooster_arrival_statue_2
D:2:      uniq_terence, uniq_sigmund, uniq_jessica
D:3:      minmay_goblin_outpost
D:4:      lightli_temple_of_fire, first_ration, gammafunk_ghost_grave,
          serial_shops, shop

Skill      XL: |  1  2  3  4  5  6 |
---------------+-------------------+-----
Dodging        | 1 2 3 |  3.0
Fighting       | 4 5 |  5.5
Armour         | 3 4 |  4.4
Axes           | 5 6 |  6.1

Action                   |  1- 3 |  4- 6 |  7- 9 || total
-------------------------+-------+-------+-------++-------
Melee: Hand axe          |    63 |   133 |     8 ||   204
  Use: Potion            |       |     4 |     1 ||     5
       Scroll            |       |       |     1 ||     1
 Stab: Confused          |     2 |       |       ||     2
       Paralysed         |       |     3 |       ||     3
  Eat: Chunk             |       |     4 |       ||     4
Armor: Scale mail        |    29 |    23 |       ||    52
       Leather armour    |     7 |       |       ||     7
       Chain mail        |       |    38 |     4 ||    42
Dodge: Dodged            |    39 |    61 |     9 ||   109

Table legend:
 A = Non-vault XP
 B = Vault XP
 C = Vault XP percentage of total XP
 D = Non-vault monster count
 E = Vault monster count
 F = Vault count percentage of total count
                 A         B        C        D         E       F
            +---------+---------+-------+---------+---------+-------
      Total |     380 |     300 |  44.1 |      62 |       3 |   4.6
            +---------+---------+-------+---------+---------+-------
        D:1 |      30 |       0 |   0.0 |      16 |       0 |   0.0
        D:2 |     169 |     300 |  64.0 |      35 |       3 |   7.9
        D:3 |     181 |       0 |   0.0 |      11 |       0 |   0.0
            +---------+---------+-------+---------+---------+-------
